 Dungeon Crawl Stone Soup version 0.19.1 (webtiles) character file.

6881 Banto the Martial Artist (level 11, -23/84 HPs)
             Began as a Naga Transmuter on Dec 8, 2016.
             Was a Believer of Cheibriados.
             Annihilated by Snorg (28 damage)
             ... on level 10 of the Dungeon.
             The game lasted 00:15:34 (8869 turns).

Banto the Martial Artist (Naga Transmuter)          Turns: 8869, Time: 00:15:34

Health: -23/84     AC:  5    Str: 18 (19) XL:     11   Next: 6%
Magic:  10/14      EV: 10    Int: 20      God:    Cheibriados [**....]
Gold:   466        SH:  0    Dex: 20      Spells: 4 memorised, 2 levels left

rFire  . . .     SeeInvis +       - Unarmed
rCold  . . .     Gourm    .     o - +1 robe {rN+}
rNeg   + . .     Faith    .     (shield currently unavailable)
rPois  +         Spirit   .     (no helmet)
rElec  .         Reflect  .     (no cloak)
rCorr  .         Harm     .     (gloves currently unavailable)
MR     +....                    (no barding)
Stlth  ++........               f - amulet of regeneration
                                x - ring of wizardry
                                e - +2 ring of slaying

@: blade hands, very slow
A: see invisible, deformed body, deterioration 1, poison resistance, slowness 2,
slow metabolism 1, spit poison 1, subdued magic 1, AC +3
a: Spit Poison, End Transformation, Bend Time, Renounce Religion


You were on level 10 of the Dungeon.
You worshipped Cheibriados.
Cheibriados was pleased with you.
You were very hungry.
You had blades for hands.
You visited 2 branches of the dungeon, and saw 11 of its levels.

You collected 466 gold pieces.

Inventory:

Missiles
 a - 85 arrows
Armour
 o - a +1 robe of positive energy (worn)
 J - a +1 pair of gloves (melded)
Jewellery
 b - an uncursed ring of magical power
 e - a +2 ring of slaying (left scythe-like blade)
 f - an amulet of regeneration (around neck)
 h - a +3 ring of evasion
 x - a ring of wizardry (right scythe-like blade)
Wands
 t - a wand of heal wounds (0/9)
 y - a wand of confusion (13/48)
 D - a wand of digging (11/24)
 E - a wand of iceblast (4/15)
 G - a wand of confusion (34/48)
Scrolls
 m - a scroll of immolation
 p - a scroll of fog
 q - a scroll of magic mapping
 A - 2 scrolls of recharging
 B - a scroll of teleportation
 F - 2 scrolls of remove curse
Potions
 i - 2 potions of invisibility
 k - 2 potions of lignification
 l - a potion of curing {unknown}
 r - a potion of haste {unknown}
 u - a potion of agility {unknown}
 v - 2 potions of brilliance
 w - a potion of resistance {unknown}
 z - a potion of degeneration {unknown}
 C - a potion of cancellation {unknown}
 H - 2 potions of mutation {unknown}
 I - a potion of ambrosia {unknown}
 K - a potion of heal wounds {unknown}
 L - 2 potions of might {unknown}
Comestibles
 c - 3 fruits
 d - 7 bread rations
 g - 5 meat rations
 j - 2 slices of pizza
 n - a royal jelly
 s - 5 beef jerkies


   Skills:
 - Level 1.0 Fighting
 - Level 1.5 Dodging
 + Level 11.9 Unarmed Combat
 - Level 2.0 Spellcasting
 + Level 10.7 Transmutations
 - Level 5.0 Ice Magic


You had 2 spell levels left.
You knew the following spells:

 Your Spells              Type           Power        Failure   Level  Hunger
a - Beastly Appendage     Tmut           ####..       3%          1    #......
b - Sticks to Snakes      Tmut           ####....     4%          2    ##.....
c - Ice Form              Ice/Tmut       ####....     17%         4    #####..
d - Blade Hands           Tmut           ####......   16%         5    ######.


Dungeon Overview and Level Annotations

Branches:
Dungeon (10/15)            Temple (1/1) D:4            Lair (0/6) D:9
    Orc: D:9-12

Altars:
Ashenzari
Cheibriados
Dithmenos
Elyvilon
Fedhas
Gozag
Hepliaklqana
Kikubaaqudgha
Makhleb
Nemelex Xobeh
Okawaru
Qazlal
Ru
Sif Muna
Trog
Uskayaw
Vehumet
Xom
Yredelemnul
Zin
The Shining One

Shops:
D:9 %%}:

Annotations:
D:10 Snorg


Innate Abilities, Weirdness & Mutations

You cannot wear boots.
Your serpentine skin is tough. (AC +3)
You have supernaturally acute eyesight. (SInv)
Armour fits poorly on your strangely shaped body.
Your system is resistant to poisons. (rPois)
You cover ground very slowly.
You have a slow metabolism.
You can spit poison.
Your body sometimes deteriorates upon taking damage.
Your spells are a little easier to cast, but a little less powerful.


Message History

Snorg is lightly wounded.
Snorg goes berserk!
You slice Snorg!!
Snorg is moderately wounded.
You hear an angry hiss.
Snorg bites you! Snorg claws you!
Your body deteriorates!
You feel weakened. Snorg claws you!
You take 29 damage, and have 55/84 hp.
MASSIVE DAMAGE!!
You slice Snorg!!
Snorg is heavily wounded.
Snorg bites you!! Snorg claws you!
* * * LOW HITPOINT WARNING * * *
Snorg claws you!!
* * * LOW HITPOINT WARNING * * *
You take 50 damage, and have 5/84 hp.
MASSIVE DAMAGE!!
You barely miss Snorg.
Snorg is heavily wounded.
Snorg bites you!!
You die...

................)...).......
....................).......
######...########..########.
#...# #..#
######...########..#
...................########
.....(.....................
#####......................
#.#########.@########## #.#
#.T# #.# #..# ... .... ...
..... ....... .####### ..


You could see Snorg (berserk).

Vanquished Creatures
  An unseen horror (D:10)
  An ugly thing (D:10)
  A troll (D:10)
  7 hippogriffs
  The ghost of cheeroque the Slasher, an amateur DDWr (D:4)
  A steam dragon (D:7)
  A hungry ghost (D:9)
  Menkaure (D:4)
  2 hell hounds (D:9)
  2 water moccasins
  A black bear (D:9)
  A hornet zombie (D:9)
  An orc warrior (D:9)
  A phantom (D:6)
  3 ogres
  A centaur (D:5)
  A big kobold (D:9)
  4 bullfrogs
  A gnoll sergeant (D:9)
  A wyvern skeleton (D:8)
  A water moccasin zombie (D:9)
  2 scorpions
  8 killer bees
  5 wights (D:9)
  2 howler monkeys (D:6)
  2 crimson imps (D:6)
  A bullfrog zombie (D:9)
  A centaur zombie (D:9)
  4 hounds
  A centaur skeleton (D:5)
  4 orc priests
  A jelly (D:4)
  9 orc wizards
  5 iguanas
  7 worker ants
  A killer bee zombie (D:7)
  2 hound skeletons
  A worker ant zombie (D:5)
  11 gnolls
  8 adders
  3 shadow imps
  An adder skeleton (D:9)
  6 worms
  4 dart slugs
  4 leopard geckos
  21 orcs
  A ball python (D:2)
  9 giant cockroaches
  11 goblins
  9 hobgoblins
  10 jackals
  13 kobolds
  3 quokkas
  7 bats
  12 frilled lizards
  A leopard gecko skeleton (D:4)
  A quokka skeleton (D:4)
  2 quokka zombies
  9 rats
236 creatures vanquished.

Vanquished Creatures (collateral kills)
  Sigmund (D:5)
  An ice beast (D:6)
  3 ogres
  A killer bee (D:7)
  An orc priest (D:6)
  A gnoll (D:2)
  2 jackals
10 creatures vanquished.

Vanquished Creatures (others)
  An orc (D:9)
1 creature vanquished.

Grand Total: 247 creatures vanquished

Notes
Turn   | Place    | Note
-------+----------+-------------------------------------------
     0 | D:1      | Banto the Naga Transmuter began the quest for the Orb.
     0 | D:1      | Reached XP level 1. HP: 18/18 MP: 3/3
   309 | D:1      | Reached XP level 2. HP: 19/25 MP: 5/5
   343 | D:1      | Learned a level 2 spell: Sticks to Snakes
   927 | D:1      | Reached XP level 3. HP: 30/31 MP: 6/6
  1472 | D:2      | Reached XP level 4. HP: 36/38 MP: 7/7
  1577 | D:2      | Reached skill level 4 in Unarmed Combat
  1944 | D:3      | Reached XP level 5. HP: 32/44 MP: 8/8
  2006 | D:3      | Found a radiant altar of Vehumet.
  2140 | D:3      | Learned a level 4 spell: Ice Form
  2145 | D:3      | Found an iron altar of Okawaru.
  2469 | D:4      | Noticed Menkaure
  2477 | D:4      | Killed Menkaure
  2477 | D:4      | Reached skill level 5 in Unarmed Combat
  2477 | D:4      | Reached XP level 6. HP: 6/51 MP: 5/9
  2838 | D:4      | Noticed cheeroque's ghost (amateur DDWr)
  2844 | D:5      | Entered Level 5 of the Dungeon
  2915 | D:5      | Reached skill level 5 in Transmutations
  3287 | D:5      | Reached XP level 7. HP: 45/57 MP: 8/10
  3600 | D:5      | Reached skill level 6 in Unarmed Combat
  3614 | D:5      | Noticed Sigmund
  3625 | D:5      | Killed Sigmund
  3765 | D:6      | Reached skill level 1 in Ice Magic
  3841 | D:6      | Reached XP level 8. HP: 55/64 MP: 6/11
  3851 | D:6      | Reached skill level 7 in Unarmed Combat
  3925 | D:6      | Found a sparkling altar of Nemelex Xobeh.
  4591 | D:7      | Reached skill level 8 in Unarmed Combat
  4756 | D:7      | Reached skill level 5 in Ice Magic
  4791 | D:7      | Reached XP level 9. HP: 55/70 MP: 10/12
  4935 | D:7      | Reached skill level 9 in Unarmed Combat
  5373 | D:7      | Learned a level 5 spell: Blade Hands
  5656 | D:8      | Reached skill level 10 in Unarmed Combat
  5936 | D:9      | Reached XP level 10. HP: 53/78 MP: 13/13
  6086 | D:4      | Found a staircase to the Ecumenical Temple.
  6180 | D:4      | Killed cheeroque's ghost
  6193 | Temple   | Entered the Ecumenical Temple
  6318 | Temple   | Became a worshipper of Cheibriados the Contemplative
  6503 | D:4      | Found a burning altar of Makhleb.
  7143 | D:9      | Found Oxkiawax's Food Shop.
  7415 | D:9      | Reached * piety under Cheibriados
  7628 | D:9      | Reached skill level 11 in Unarmed Combat
  7737 | D:9      | Found Todig's Book Emporium.
  7758 | D:9      | Reached ** piety under Cheibriados
  7857 | D:9      | Found Ozail's Gadget Shoppe.
  7865 | D:9      | Found a staircase to the Lair.
  7875 | D:9      | Found Iniste Umill's Food Shop.
  8377 | D:9      | Reached skill level 10 in Transmutations
  8378 | D:9      | HP: 2/78 [orc priest/divine providence (13)]
  8532 | D:10     | Entered Level 10 of the Dungeon
  8583 | D:10     | Noticed a cyan ugly thing
  8592 | D:10     | Killed a cyan ugly thing
  8682 | D:10     | Gained mutation: Your spells are a little easier to cast, but a little less powerful. [mutagenic meat]
  8683 | D:10     | Gained mutation: Your body sometimes deteriorates upon taking damage. [mutagenic meat]
  8742 | D:10     | Noticed an unseen horror
  8765 | D:10     | Killed an unseen horror
  8765 | D:10     | Reached XP level 11. HP: 47/84 MP: 14/14
  8859 | D:10     | Noticed Snorg
  8869 | D:10     | Annihilated by Snorg

Skill      XL: |  1  2  3  4  5  6  7  8  9 10 |
---------------+-------------------------------+-----
Transmutations | 3 4 5 6 8 10 | 10.7
Unarmed Combat | 4 5 6 8 10 11 | 11.9
Ice Magic      | 2 5 |  5.0
Fighting       | |  1.0
Dodging        | |  1.5
Spellcasting   | |  2.0

Action                   |  1- 3 |  4- 6 |  7- 9 | 10-12 || total
-------------------------+-------+-------+-------+-------++-------
Melee: Unarmed           |    85 |   123 |   313 |   182 ||   703
       Punch             |     3 |     2 |    12 |    10 ||    27
       Headbutt          |     3 |    12 |    24 |     1 ||    40
 Cast: Beastly Appendage |     7 |    11 |    19 |     1 ||    38
       Sticks to Snakes  |     3 |     6 |    27 |       ||    36
       Blade Hands       |       |       |     3 |    11 ||    14
 Abil: Spit Poison       |    30 |    33 |    29 |     8 ||   100
       End Transformatio |       |       |       |     1 ||     1
Evoke: Wand              |       |       |       |     2 ||     2
  Use: Scroll            |     3 |     5 |     4 |     2 ||    14
       Potion            |       |       |     1 |       ||     1
 Stab: Sleeping          |     1 |       |       |     3 ||     4
  Eat: Chunk             |     3 |     8 |    13 |    15 ||    39
Armor: Robe              |    16 |    17 |    42 |    42 ||   117
Dodge: Dodged            |    61 |    78 |   190 |   108 ||   437

Table legend:
 A = Turns spent in this place as a percentage of turns spent in the entire game.
 B = Non-inter-level travel turns spent in this place as a percentage of non-inter-level travel turns spent in the entire game.
 C = Inter-level travel turns spent in this place as a percentage of turns spent in this place.
 D = Turns resting spent in this place as a percentage of non-inter-level travel turns spent in this place.
 E = Turns spent auto-exploring this place as a percentage of non-inter-level travel turns spent in this place.
 F = Non-inter-level travel turns spent in this place divided by the number of levels of this place that you've seen.
                   A       B       C       D       E      F
               +-------+-------+-------+-------+-------+----------------------
         Total | 100.0 | 100.0 |   0.9 |   5.2 |  14.0 | 230.7
       Dungeon |  99.0 |  99.1 |   0.9 |   5.3 |  13.3 | 251.4
        Temple |   1.0 |   0.9 |   7.7 |   0.0 |  83.3 |  24.0
               +-------+-------+-------+-------+-------+----------------------

Table legend:
 A = Kills in this place as a percentage of kills in entire the game.
 B = Kills by you in this place as a percentage of kills by you in the entire game.
 C = Kills by friends in this place as a percentage of kills by friends in the entire game.
 D = Other kills in this place as a percentage of other kills in the entire game.
 E = Experience gained in this place as a percentage of experience gained in the entire game.
 F = Experience gained in this place divided by the number of levels of this place that you have seen.
                   A       B       C       D       E      F
               +-------+-------+-------+-------+-------+----------------------
         Total | 100.0 | 100.0 | 100.0 |  -nan | 100.0 | 893.7
       Dungeon | 100.0 | 100.0 | 100.0 |  -nan | 100.0 | 983.1
               +-------+-------+-------+-------+-------+----------------------
